 Dungeon Crawl Stone Soup version 0.25-a0-263-g9d16a9d099 (webtiles) character file.

Game seed: 16993182883615816025, levelgen mode: deterministic

268 Essalna the Skirmisher (level 6, -4/73 HPs)
             Began as a Demonspawn Berserker on Dec 7, 2019.
             Was a Believer of Trog.
             Slain by a worm (5 damage)
             ... on level 3 of the Dungeon.
             The game lasted 00:05:49 (2890 turns).

Essalna the Skirmisher (Demonspawn Berserker)       Turns: 2890, Time: 00:05:50

Health: -4/73      AC: 23    Str: 20    XL:     6   Next: 1%
Magic:  6/6        EV:  2    Int:  8    God:    Trog [**....]
Gold:   67         SH:  0    Dex: 12    Spells: 5/5 levels left

rFire    . . .     SeeInvis .   d - +4 dagger (venom)
rCold    . . .     Gourm    .   (no shield)
rNeg     + + +     Faith    .   (armour currently unavailable)
rPois    +         Spirit   .   (helmet currently unavailable)
rElec    .         Reflect  .   (cloak currently unavailable)
rCorr    .         Harm     .   (gloves currently unavailable)
MR       .....     NoTele   +   (boots currently unavailable)
Stlth    ++........             u - amulet of the acrobat
HPRegen  0.22/turn              (no ring)
MPRegen  0.10/turn              (no ring)

@: lethally poisoned (-4 -> -11), tree-form
A: foul stench 1, nightstalker 1, rot immunity
a: Berserk, Trog's Hand, Renounce Religion


You were on level 3 of the Dungeon.
You worshipped Trog.
Trog was pleased with you.
You were not hungry.
You were a tree.
You visited 1 branch of the dungeon, and saw 3 of its levels.

You collected 67 gold pieces.

Inventory:

Hand Weapons
 a - a +0 falchion
 d - a +4 dagger of venom (weapon)
Armour
 b - a +0 animal skin (melded)
Jewellery
 j - an uncursed amulet of guardian spirit
 u - an amulet of the acrobat (around neck)
Wands
 s - a wand of flame (3)
Scrolls
 e - 2 scrolls of remove curse {unknown}
 f - a scroll of teleportation {unknown}
 h - 4 scrolls of identify {unknown}
 l - a scroll of amnesia {unknown}
 n - a scroll of magic mapping {unknown}
 p - a scroll of fear {unknown}
 q - a scroll of enchant armour {unknown}
 r - a scroll of random uselessness {unknown}
 t - a scroll of immolation {unknown}
Potions
 k - 3 potions of heal wounds {unknown}
 m - a potion of curing {unknown}
 o - a potion of might {unknown}
Comestibles
 c - 4 rations
 v - 2 chunks of flesh


   Skills:
 + Level 4.5 Fighting
 + Level 4.2 Long Blades
 + Level 3.5 Armour
 - Level 1.7 Dodging


You had 5 spell levels left.
You didn't know any spells.
Your spell library was empty.

Dungeon Overview and Level Annotations

Branches:
Dungeon (3/15)

Altars:


Innate Abilities, Weirdness & Mutations

((You have a pair of small antennae on your head.))
You may emit foul miasma when damaged in melee.
You are slightly more attuned to the shadows.
You are immune to rotting.


Message History

You are more poisoned.
The orc hits you but does no damage.
You closely miss the orc.
You feel sick.
The orc priest shouts!
The orc hits you but does no damage.
You hit the orc.
The orc is almost dead.
You feel sick. The orc hits you but does no damage.
You hit the worm.
The worm is poisoned.
The worm is moderately wounded.
You feel sick.
The orc priest mumbles some strange prayers to Beogh against you.
Beogh smites you!
* * * LOW HITPOINT WARNING * * *
The orc hits you but does no damage.
You puncture the worm!
The worm is severely wounded.
* * * LOW HITPOINT WARNING * * *
You feel sick. The orc completely misses you. The worm bites you.
You die...

#.................
#...o....##.......
##......#####.....
###o..#.###....##.#
#..)).#.....##.....
#.(.#..........>...
##(###..............
#.o###..)........>..
#.w♣.o..........^...
#.#o##..............
#....................
......................
.......................
.)...)..... . ..#.....
............. ######


You could see a worm, an orc priest and 2 orcs.

Vanquished Creatures
  An orc priest (D:3)
  2 orc wizards (D:3)
  Natasha (thrice) (D:2)
  2 adders (D:3)
  4 gnolls
  3 worms
  6 orcs (D:3)
  8 bats
  3 giant cockroaches
  4 goblins
  4 hobgoblins
  A kobold (D:1)
  6 frilled lizards
  7 rats
54 creatures vanquished.

Notes
Turn   | Place    | Note
-------+----------+-------------------------------------------
     0 | D:1      | Essalna the Demonspawn Berserker began the quest for the
                  | Orb.
     0 | D:1      | Reached XP level 1. HP: 18/18 MP: 1/1
   291 | D:1      | Gained mutation: You are immune to rotting. [demonic
                  | ancestry]
   291 | D:1      | Reached XP level 2. HP: 24/24 MP: 2/2
  1236 | D:2      | Gained mutation: You have a pair of small antennae on your
                  | head. [demonic ancestry]
  1236 | D:2      | Reached XP level 3. HP: 27/29 MP: 3/3
  1302 | D:2      | Noticed Natasha
  1317 | D:2      | Killed Natasha
  1495 | D:2      | Noticed Natasha
  1502 | D:2      | Killed Natasha
  1502 | D:2      | Reached XP level 4. HP: 3/37 MP: 0/4
  1720 | D:2      | Noticed Natasha
  1725 | D:2      | Killed Natasha
  2131 | D:3      | Noticed a steam dragon
  2298 | D:3      | Reached ** piety under Trog
  2555 | D:2      | Gained mutation: You are slightly more attuned to the
                  | shadows. [demonic ancestry]
  2555 | D:2      | Reached XP level 5. HP: 30/42 MP: 5/5
  2884 | D:3      | Gained mutation: You may emit foul miasma when damaged in
                  | melee. [demonic ancestry]
  2884 | D:3      | Reached XP level 6. HP: 17/49 MP: 6/6
  2889 | D:3      | HP: 2/73 [orc priest/divine providence (11)]
  2890 | D:3      | Slain by a worm

Levels and vault maps discovered:
D:1:      dpeg_arrival_stonehenge_8_columns, layout_loops_ring,
          minmay_heptomino_h4
D:2:      layout_loops_ring, uniq_natasha
D:3:      layout_rooms, chequers_ecumenical_altar_grove

Skill      XL: |  1  2  3  4  5 |
---------------+----------------+-----
Armour         | 2 3 |  3.5
Long Blades    | 3 4 |  4.2
Fighting       | 4 |  4.5
Dodging        | |  1.7

Action                   |  1- 3 |  4- 6 || total
-------------------------+-------+-------++-------
Melee: Falchion          |    18 |       ||    18
       Dagger            |    54 |    80 ||   134
  Use: Potion            |       |     2 ||     2
  Eat: Chunk             |     2 |     4 ||     6
Armor: Animal skin       |    13 |     7 ||    20
       Skin              |       |     5 ||     5
Dodge: Dodged            |    33 |    48 ||    81
       Rpst.: Falchion   |     3 |       ||     3

Table legend:
 A = Non-vault XP
 B = Vault XP
 C = Vault XP percentage of total XP
 D = Non-vault monster count
 E = Vault monster count
 F = Vault count percentage of total count
                 A         B        C        D         E       F
            +---------+---------+-------+---------+---------+-------
      Total |     347 |      37 |   9.6 |      52 |       2 |   3.7
            +---------+---------+-------+---------+---------+-------
        D:1 |      27 |       2 |   6.9 |      18 |       1 |   5.3
        D:2 |     130 |      35 |  21.2 |      13 |       1 |   7.1
        D:3 |     190 |       0 |   0.0 |      21 |       0 |   0.0
            +---------+---------+-------+---------+---------+-------
